 Dungeon Crawl Stone Soup version bcrawl-1.27.6 (webtiles) character file.

Game seed: 3997665261510816930

92475 DogServant the Bolt Thrower (level 2, -1/20 HPs)
             Began as a Kobold Hunter on Oct 9, 2020.
             Slain by a quokka (4 damage)
             ... on level 1 of the Dungeon.
             The game lasted 00:00:45 (740 turns).

DogServant the Bolt Thrower (Kobold Hunter)          Turns: 740, Time: 00:00:46

Health: -1/20      AC:  3    Str:  9    XL:     2   Next: 70%
Magic:  2/2        EV: 14    Int: 12    God:
Gold:   75         SH:  0    Dex: 15    Spells: 1/1 levels left

rFire    . . .     SeeInvis .   a - +1 hand crossbow
rCold    . . .     Gourm    .   (shield restricted)
rNeg     . . .     Faith    .   c - +0 leather armour
rPois    .         Spirit   .   (no helmet)
rElec    .         Reflect  .   (no cloak)
rCorr    .         Harm     .   (no gloves)
MR       .....                  (no boots)
Stlth    ++........             (no amulet)
HPRegen  0.06/turn              (no ring)
MPRegen  0.08/turn              (no ring)

@: no status effects
A: small, talons 1, carnivore, mutation resistance 1, sense surroundings 2
a: no special abilities


You were on level 1 of the Dungeon.
You were very full.

You visited 1 branch of the dungeon, and saw 1 of its levels.

You collected 75 gold pieces.

Inventory:

Hand Weapons
 a - a +1 hand crossbow (weapon)
 b - a +0 short sword
Missiles
 d - 240 bolts (quivered)
Armour
 c - a +0 leather armour (worn)
Scrolls
 f - a scroll of immolation {unknown}
Potions
 g - 2 potions of invisibility {unknown}
 h - 2 potions of curing {unknown}
 j - a potion of might {unknown}
Comestibles
 e - 3 rations {!d}
 i - a chunk of flesh


   Skills:
 + Level 2.6 Fighting
 + Level 5.1 Crossbows
 - Level 2.4 Dodging
 + Level 2.4 Stealth


You had one spell level left.
You didn't know any spells.
Your spell library was empty.

Dungeon Overview and Level Annotations

Branches:
Dungeon (1/12)

Altars:


Innate Abilities, Weirdness & Mutations

You are small and have problems with some larger weapons.
You have sharp toenails.
You are carnivorous and can eat meat at any time.
You are somewhat resistant to further mutation.
You passively map the area around you.


Message History

You barely miss the kobold.
The kobold is heavily wounded.
The kobold barely misses you. The quokka closely misses you.
You barely miss the kobold. You claw the kobold.
The kobold is severely wounded.
The quokka closely misses you. The kobold barely misses you.
You hit the kobold but do no damage. You claw the kobold.
You kill the kobold!
The quokka barely misses you. The quokka closely misses you.
You hit the quokka but do no damage. The quokka misses you.
You hit the quokka but do no damage. Your kick misses the quokka.
The quokka bites you.
* * * LOW HITPOINT WARNING * * *
You hit the quokka but do no damage. The quokka bites you.
* * * LOW HITPOINT WARNING * * *
The quokka misses you.
Wield which item (- for none, * to show all)? (? for menu, Esc to quit)
a - a +1 hand crossbow (weapon)
The quokka bites you.
You die...

................................)
###.#..##.#..#####..##'####.###..
###.#..##....# ##..##.⌠.##.......
........#.#.####..##...##..######
...#........###..##...##..#######
##.#.....#......##...##..........
#.......#.....''.⌠.++....#######
#..#....#......##...##...#
#..#..(.#......@##...##..#####
#..#....#......r.##...##.....#
#..#....#......#..##.⌠.##..#.#
##..#....#..........##+####.#
....#....#........##........#
....#....#.......)##.#.####.#,
....#....+........+.........#.#
..#+#..[.#........##...####÷#.#
........#.........+.........#.#


You could see a quokka.

Vanquished Creatures
  A worm (D:1)
  A leopard gecko (D:1)
  A goblin (D:1)
  A hobgoblin (D:1)
  A ball python (D:1)
  A bat (D:1)
  A frilled lizard (D:1)
  3 kobolds (D:1)
  4 rats (D:1)
14 creatures vanquished.

Notes
Turn   | Place    | Note
-------+----------+-------------------------------------------
     0 | D:1      | DogServant the Kobold Hunter began the quest for the Orb.
     0 | D:1      | Reached XP level 1. HP: 14/14 MP: 1/1
   213 | D:1      | Reached XP level 2. HP: 20/20 MP: 2/2
   216 | D:1      | Reached skill level 5 in Crossbows
   740 | D:1      | Slain by a quokka

Skill      XL: |  1  2 |
---------------+-------+-----
Stealth        | 2 |  2.4
Crossbows      | 5 |  5.1
Fighting       | |  2.6
Dodging        | |  2.4

Action                   || total
-------------------------++-------
Melee: Short sword       ||    45
       Kick              ||     8
 Stab: Sleeping          ||     4
  Eat: Chunk             ||     8
Armor: Leather armour    ||     6
Dodge: Dodged            ||    30
